 Dungeon Crawl Stone Soup version 0.31-a0-369-g8eba5f6939 (webtiles) character file.

Game seed: 12211137538714946541

43316 floatRand the Brawler (level 13, -8/89 HPs)
             Began as a Purple Draconian Shapeshifter on July 28, 2023.
             Was a High Priest of Wu Jian.
             Mangled by a komodo dragon (23 damage)
             ... on level 5 of the Lair of Beasts on July 29, 2023.
             The game lasted 00:25:12 (14872 turns).

floatRand the Brawler (DrSh)                       Turns: 14872, Time: 00:25:12

Health: -8/89      AC: 16    Str: 20    XL:     13   Next: 90%
Magic:  13/13      EV: 15    Int:  4    God:    Wu Jian [*****.]
Gold:   1205       SH:  5    Dex: 15    Spells: 12/12 levels left

rFire   + .          .
                       - Unarmed
rCold   + + .        s - +1 buckler {reflect}
rNeg    + + .        (body armour unavailable)
rPois   .            x - +2 hat
rElec   .            D - +2 cloak {Stlth+}
rCorr   .            K - +0 pair of gloves of Koeforil {rC+ rN++ Int-4}
SInv    .            k - +1 pair of boots
Will    +....        B - amulet of regeneration
Stlth   ++++         n - ring of protection from fire
HPRegen 1.14/turn    G - ring of protection from cold
MPRegen 0.13/turn

%: reflection
@: maw-form, studying Fire Magic
A: devouring maw, breathe power, AC +8, unfitting armour, cold-blooded
a: Breathe Dispelling Energy, Begin Untransformation, Renounce Religion, Wall
Jump, Serpent's Lash, Heavenly Storm


You were on level 5 of the Lair of Beasts.
You worshipped Wu Jian.
Wu Jian was extremely pleased with you.
You were a creature with a mouth for a stomach.
You visited 3 branches of the dungeon, and saw 17 of its levels.

You collected 1218 gold pieces.
You spent 13 gold pieces at shops.

Inventory:

Missiles
 l - 34 javelins
 p - 12 throwing nets
Armour
 k - a +1 pair of boots (worn)
 s - a +1 buckler of reflection (worn)
 x - a +2 hat (worn)
 y - a +0 pair of gloves
 D - a +2 cloak of stealth (worn)
 K - the +0 pair of gloves of Koeforil (worn) {rC+ rN++ Int-4}
   (You found it on level 11 of the Dungeon)

   Int:       It affects your intelligence (-4).
   rC:        It protects you from cold.
   rN:        It greatly protects you from negative energy.
Jewellery
 h - an amulet of reflection
 n - a ring of protection from fire (left hand)
 B - an amulet of regeneration (around neck)
 G - a ring of protection from cold (right hand)
 J - a ring of fire
Talismans
 b - a beast talisman
 r - a maw talisman
Wands
 i - a wand of polymorph (4)
 o - a wand of iceblast (4)
 v - a wand of flame (26)
 R - a wand of mindburst (7)
 S - a wand of digging (3)
Scrolls
 c - 2 scrolls of enchant weapon
 e - 2 scrolls of silence
 g - 5 scrolls of teleportation
 j - a scroll of amnesia
 q - 2 scrolls of blinking
 u - 3 scrolls of fog
 E - 2 scrolls of summoning
 I - 2 scrolls of vulnerability {unknown}
 N - 3 scrolls of fear
 O - 4 scrolls of identify
 Q - 2 scrolls of enchant armour
Potions
 a - 4 potions of lignification
 d - a potion of enlightenment
 f - 6 potions of curing
 m - 5 potions of might
 t - 2 potions of haste
 w - 3 potions of attraction
 z - 5 potions of heal wounds
 C - 2 potions of resistance
 F - 3 potions of cancellation
 L - a potion of brilliance {unknown}
 M - a potion of ambrosia {unknown}
 P - a potion of berserk rage
Miscellaneous
 A - a phantom mirror
 H - a tin of tremorstones (2/2)
 T - a phial of floods (inert)


   Skills:
 - Level 1.1 Fighting
 + Level 6.7 Dodging
 - Level 5.6 Stealth
 * Level 16.8 Unarmed Combat
 + Level 9.7 Evocations
 * Level 11.2 Shapeshifting


You had 12 spell levels left.
You didn't know any spells.
Your spell library contained the following spells:

 Spells                   Type           Power      Damage    Failure   Level
 Sting                    Tmut/Pois      0%         1d3       58%         1
 Poisonous Vapours        Pois/Air       0%         N/A       73%         2
 Ignite Poison            Fire/Tmut/Pois 0%         N/A       91%         3
 Vhi's Electric Charge    Tloc/Air       0%         N/A       91%         3
 Volatile Blastmotes      Fire/Tloc      0%         2d10      91%         3
 Fulminant Prism          Conj/Hex       0%         3d5       100%        4
 Iskenderun's Mystic Bla  Conj/Tloc      0%         2d3       100%        4
 Manifold Assault         Tloc           0%         N/A       100%        4
 Olgreb's Toxic Radiance  Pois           0%         N/A       100%        4
 Sticky Flame             Conj/Fire      0%         2d3       100%        4
 Arcjolt                  Conj/Air       0%         1d10      100%        5
 Dispersal                Tloc           0%         N/A       100%        6
 Plasma Beam              Fire/Air       0%         2x1d10    100%        6
 Disjunction              Tloc           0%         N/A       100%        8
 Ignition                 Fire           0%         3d3       100%        8


Dungeon Overview and Level Annotations

Branches:
Dungeon (11/15)            Temple (1/1) D:7            Lair (5/5) D:8
 Shoals (0/4) Lair:3        Snake (0/4) Lair:3        Slime (0/5) Lair:5
    Orc: D:9-12

Altars:
Ashenzari
Cheibriados
Dithmenos
Elyvilon
Fedhas
Gozag
Hepliaklqana
Kikubaaqudgha
Makhleb
Nemelex Xobeh
Okawaru
Qazlal
Ru
Sif Muna
Trog
Uskayaw
Vehumet
Wu Jian
Xom
Yredelemnul
Zin
The Shining One

Shops:
D:8 !

Annotations:
D:6 3 runed translucent doors, mopl's ghost, novice OpBr


Innate Abilities, Weirdness & Mutations

You are a creature with a mouth for a stomach.
Your midsection houses a second, enormous mouth.
You can breathe bolts of dispelling energy.
Your rich purple scales are hard. (AC +8)
You cannot fit into any form of body armour.
You are cold-blooded and may be slowed by cold attacks.


Message History

The elephant is moderately wounded.
The boulder beetle curls into a ball and begins rolling!
The elephant completely misses you. You block the elephant's attack.
As you read the scroll of teleportation, it crumbles to dust.
You feel strangely unstable. You block the elephant's attack.
The elephant trunk-slaps you but does no damage.
The elephant tramples you.
You stumble backwards!
Unknown command.
You spin and attack the boulder beetle.
You completely miss the boulder beetle.
You tail-slap the boulder beetle, but do no damage.
The boulder beetle hits you!!
The boulder beetle stops rolling and uncurls.
You hear an angry hiss.
Unknown command.
Your surroundings suddenly seem different. 2 komodo dragons come into view.
Found four items.
Unknown command.
You see here 22 gold pieces.
You now have 1205 gold pieces (gained 22).
You see here 2 scrolls labelled ZUXZUC NOMA.
I - 2 scrolls labelled ZUXZUC NOMA The komodo dragon hisses angrily.
You see here a potion of heal wounds.
z - 5 potions of heal wounds (gained 1)
You lunge at the komodo dragon.
You punch the komodo dragon!
You tail-slap the komodo dragon, but do no damage.
You bite the komodo dragon!
The komodo dragon is heavily wounded.
The komodo dragon bites you.
You hit the komodo dragon but do no damage.
You bite the komodo dragon, but do no damage.
The komodo dragon is heavily wounded.
The komodo dragon bites you!!
* * * LOW HITPOINT WARNING * * *
You punch the komodo dragon! You tail-slap the komodo dragon.
You bite the komodo dragon.
The komodo dragon is almost dead.
The komodo dragon bites you!!
You die...

,****,*,,,###.* ###### *,*
**,,*,**,..^..###.#.P#####*,***
,,,,,,,,,.................,,,,*
,,,,,,,,,.................,,,,*
**+**,,,,...l.............,,,,*
*,_,*,,,,.................,,,,**
*,,,*,,,,.................,,,,,**
*,>,*,,,,.................,,,,,,*
*****,,,,......lW.........,,,,,,*
* *,*,*...##########?##.,,,,*** *
******#** *##,,**,** * ******* **
,* ** ,* *** ** *## *,*


You could see 2 komodo dragons.

Vanquished Creatures
  Gastronok (Lair:2)
  2 boulder beetles
  2 hydras (Lair:4)
  A centaur warrior (D:11)
  4 two-headed ogres
  A death yak (Lair:4)
  A deep elf knight (D:11)
  A skyshark (Lair:1)
  A swamp dragon (Lair:4)
  A deep elf archer (D:11)
  An orc knight (D:11)
  A manticore (D:11)
  15 elephants
  Joseph (D:8)
  A black mamba (Lair:1)
  6 cane toads
  An unseen horror (D:11)
  7 komodo dragons
  Maggie (D:8)
  3 rime drakes
  Psyche (D:8)
  A troll (D:11)
  Grinder (D:3)
  Prince Ribbit (D:5)
  5 polar bears
  2 hornets
  16 blink frogs
  A snapping turtle (Lair:3)
  Sigmund (D:3)
  3 wraiths (D:11)
  3 shadows
  44 yaks
  5 wyverns
  3 basilisks
  A steam dragon (D:7)
  4 vampire mosquitoes (D:11)
  Menkaure (D:7)
  6 nagas (Lair:3)
  13 water moccasins
  A sky beast (D:7)
  A black bear (D:6)
  An ogre (D:5)
  12 orc warriors (D:11)
  An ice beast (D:8)
  7 wolves
  2 centaurs (D:6)
  2 kobold brigands
  11 bullfrogs
  5 scorpions
  2 gnoll sergeants
  3 wights (D:9)
  8 killer bees
  5 howler monkeys
  2 jellies
  6 hounds
  4 orc priests
  4 sleepcaps (D:7)
  2 gnoll boudas
  Crazy Yiuf (D:5)
  Ijyb (D:5)
  5 iguanas (D:6)
  11 orc wizards
  4 adders
  17 gnolls
  A shadow imp (D:6)
  3 white imps
  An ufetubus (D:5)
  3 worms
  6 dart slugs
  24 orcs
  4 endoplasms
  6 giant cockroaches
  5 goblins
  2 hobgoblins
  10 kobolds
  2 quokkas
  7 ball pythons
  6 bats
  2 frilled lizards (D:1)
  5 rats
369 creatures vanquished.

Vanquished Creatures (others)
  A centaur warrior (D:11)
  A deep elf knight (D:11)
  An orc wizard (D:6)
3 creatures vanquished.

Grand Total: 372 creatures vanquished

Notes
Turn   | Place    | Note
-------+----------+-------------------------------------------
     0 | D:1      | floatRand the Draconian Shapeshifter began the quest for
                  | the Orb.
     0 | D:1      | Reached XP level 1. HP: 16/16 MP: 1/1
   177 | D:1      | Reached XP level 2. HP: 6/23 MP: 2/2
   277 | D:1      | Found a faded altar of an unknown god.
   895 | D:2      | Reached XP level 3. HP: 27/28 MP: 3/3
  1173 | D:2      | Reached skill level 4 in Unarmed Combat
  1746 | D:3      | Found a burning altar of Makhleb.
  1771 | D:3      | Reached XP level 4. HP: 35/35 MP: 4/4
  1977 | D:3      | Noticed Grinder
  1990 | D:3      | Killed Grinder
  1991 | D:3      | Reached skill level 5 in Unarmed Combat
  1991 | D:3      | Reached XP level 5. HP: 21/40 MP: 5/5
  1991 | D:3      | Reached XP level 6. HP: 25/47 MP: 6/6
  2095 | D:3      | Noticed Sigmund
  2105 | D:3      | Killed Sigmund
  2106 | D:3      | Reached skill level 6 in Unarmed Combat
  2585 | D:4      | Your scales start taking on a rich purple colour.
  2585 | D:4      | Reached XP level 7. HP: 50/52 MP: 7/7
  2712 | D:4      | Reached skill level 7 in Unarmed Combat
  3002 | D:4      | Reached skill level 5 in Shapeshifting
  3453 | D:5      | Entered Level 5 of the Dungeon
  3515 | D:5      | Noticed Prince Ribbit
  3527 | D:5      | Killed Prince Ribbit
  3528 | D:5      | Reached skill level 8 in Unarmed Combat
  3528 | D:5      | Reached XP level 8. HP: 47/59 MP: 8/8
  3879 | D:5      | Noticed Ijyb
  3889 | D:5      | Killed Ijyb
  4239 | D:5      | Reached skill level 9 in Unarmed Combat
  4525 | D:5      | Found a runed translucent door.
  4526 | D:5      | Noticed Crazy Yiuf
  4866 | D:5      | Killed Crazy Yiuf
  4990 | D:6      | Found a stormy altar of Qazlal.
  4990 | D:6      | Found a sparkling altar of Nemelex Xobeh.
  4990 | D:6      | Found a snail-covered altar of Cheibriados.
  4990 | D:6      | Found a hazy altar of Hepliaklqana.
  4990 | D:6      | Found a shimmering altar of Xom.
  4990 | D:6      | Found a glowing silver altar of Zin.
  4990 | D:6      | Found a blossoming altar of Fedhas.
  5140 | D:6      | Found a runed translucent gate.
  5141 | D:6      | Found a runed translucent gate.
  5178 | D:6      | Found a runed translucent gate.
  5178 | D:6      | Noticed mopl's ghost (novice OpBr)
  5651 | D:6      | Reached skill level 10 in Unarmed Combat
  5821 | D:6      | Reached XP level 9. HP: 64/64 MP: 9/9
  6776 | D:7      | Found a staircase to the Ecumenical Temple.
  6786 | Temple   | Entered the Ecumenical Temple
  6792 | Temple   | Became a worshipper of the Wu Jian Council
  6888 | D:7      | Reached skill level 11 in Unarmed Combat
  7217 | D:7      | Noticed Menkaure
  7220 | D:7      | Killed Menkaure
  7389 | D:7      | Paralysed by a hornet for 3 turns
  7541 | D:8      | Noticed Joseph
  7558 | D:8      | Killed Joseph
  7620 | D:8      | Found Apradw Maze's Distillery.
  7625 | D:8      | Bought a potion of degeneration for 13 gold pieces
  7635 | D:8      | Noticed Maggie
  7648 | D:8      | Killed Maggie
  7649 | D:8      | Reached skill level 12 in Unarmed Combat
  7673 | D:8      | Reached XP level 10. HP: 71/71 MP: 10/10
  7707 | D:8      | Noticed Psyche
  7721 | D:8      | Killed Psyche
  7756 | D:8      | Found a staircase to the Lair.
  7821 | D:8      | Reached * piety under Wu Jian
  8300 | D:9      | Reached skill level 13 in Unarmed Combat
  8423 | D:9      | Noticed a two-headed ogre
  8433 | D:9      | Killed a two-headed ogre
  8530 | D:9      | Noticed a two-headed ogre
  8537 | D:9      | Killed a two-headed ogre
  8695 | D:10     | Entered Level 10 of the Dungeon
  8718 | D:10     | Noticed a two-headed ogre
  8726 | D:10     | Killed a two-headed ogre
  8727 | D:10     | Reached skill level 14 in Unarmed Combat
  8727 | D:10     | Reached XP level 11. HP: 45/77 MP: 11/11
  8963 | D:10     | Reached skill level 1 in Evocations
  9014 | D:10     | Found an opulent altar of Gozag.
  9038 | D:10     | Reached ** piety under Wu Jian
  9185 | D:10     | Reached skill level 1 in Stealth
  9240 | D:10     | Found an ancient bone altar of Kikubaaqudgha.
  9846 | D:11     | Noticed a centaur warrior
  9846 | D:11     | Noticed a deep elf knight
  9847 | D:11     | Noticed a deep elf knight
  9847 | D:11     | Noticed a deep elf archer
  9848 | D:11     | Noticed a centaur warrior
  9865 | D:11     | Killed a centaur warrior
  9871 | D:11     | Killed a centaur warrior
  9876 | D:11     | Killed a deep elf knight
  9884 | D:11     | Killed a deep elf knight
  9887 | D:11     | Killed a deep elf archer
  9908 | D:11     | Noticed an orc knight
  9909 | D:11     | Found an iron altar of Okawaru.
  9918 | D:11     | Killed an orc knight
  9919 | D:11     | Reached skill level 5 in Evocations
  9930 | D:11     | Identified the +12 plate armour of Quantum Leap {Int+2}
  9941 | D:11     | Identified the +5 broad axe of the Loving Sybil {flame, rN+
                  | MP-9 SInv}
 10056 | D:11     | Identified the +0 pair of gloves of Koeforil {rC+ rN++
                  | Int-4}
 10318 | D:11     | Noticed a two-headed ogre
 10328 | D:11     | Killed a two-headed ogre
 10328 | D:11     | Reached *** piety under Wu Jian
 10514 | D:11     | Reached XP level 12. HP: 33/83 MP: 12/12
 10735 | Lair:1   | Entered Level 1 of the Lair of Beasts
 10810 | Lair:1   | Identified the +9 flail of the Flying Viper {flame, MP+9
                  | Int+3 Stlth-}
 10930 | Lair:1   | Reached skill level 15 in Unarmed Combat
 11974 | Lair:2   | Noticed Gastronok
 11989 | Lair:2   | Killed Gastronok
 12077 | Lair:2   | Reached skill level 5 in Dodging
 12160 | Lair:2   | Reached **** piety under Wu Jian
 12180 | Lair:2   | Reached skill level 5 in Stealth
 12202 | Lair:2   | Noticed a boulder beetle
 12213 | Lair:2   | Killed a boulder beetle
 12214 | Lair:2   | Reached skill level 10 in Shapeshifting
 12858 | Lair:3   | Reached XP level 13. HP: 79/89 MP: 13/13
 12987 | Lair:3   | Reached skill level 16 in Unarmed Combat
 13248 | Lair:3   | Found a staircase to the Shoals.
 13311 | Lair:3   | Reached ***** piety under Wu Jian
 13405 | Lair:3   | Found a staircase to the Snake Pit.
 14766 | Lair:5   | Entered Level 5 of the Lair of Beasts
 14872 | Lair:5   | Mangled by a komodo dragon

Illustrated notes

Levels and vault maps discovered:
D:1:      dpeg_arrival_brainrot, layout_loops_cross,
          shapermc_ecumenical_altar_gd
D:2:      layout_basic, hangedman_decor_growths
D:3:      layout_loops_ring, mainiacjoe_overflow_paths, uniq_grinder,
          uniq_sigmund
D:4:      layout_basic, minmay_misc_feat_alley
D:5:      layout_basic, abandoned_shop, uniq_crazy_yiuf_cottage, uniq_ijyb,
          uniq_prince_ribbit1
D:6:      layout_loops_corners, grunt_temple_overflow_open,
          ebering_ghost_rock_garden, minmay_manual_mail
D:7:      layout_gridville, minmay_temple_entry_tees, serial_glass,
          glass_columns_c, glass_columns_a, minivault_22, hellmonk_no_cap,
          uniq_menkaure
D:8:      layout_rooms, dpeg_oklobed_lair, serial_shops,
          nicolae_shop_rolling_square, serial_glass, glass_columns_a,
          glass_columns_a, kennysheep_potato, uniq_psyche, uniq_joseph,
          uniq_maggie
D:9:      layout_roguey
D:10:     layout_roguey, nicolae_kikubaaqudgha_miasma_corner,
          mainiacjoe_overflow_alcove_4, st_stairs_5
D:11:     evilmike_iron_armoury, layout_irregular_city
Temple:   nicolae_temple_x_marks_the_god
Lair:1:   layout_small_grid, hangedman_lair_generics_rect, grunt_megastairs_5,
          serial_bayou_shore_b
Lair:2:   layout_roguey, nzn_sisyphean_effort, uniq_gastronok
Lair:3:   layout_roguey, minmay_shoals_entry_hut,
          minmay_snake_entry_guardpost_medium, kennysheep_catoblepas_arena
Lair:4:   layout_regular_city, beast_lair_carwin_6
Lair:5:   hellmonk_lair_end_abyssal_woods, layout_big_grid, slime_entry_2,
          nicolae_volcano_entry_vermiform

Skill      XL: |  1  2  3  4  5  6  7  8  9 10 11 12 13 |
---------------+----------------------------------------+-----
Unarmed Combat | 4 5 6 8 10 12 14 15 16 | 16.8
Shapeshifting  | 4 5 6 7 9 10 11 | 11.2
Dodging        | 3 5 6 |  6.7
Evocations     | 5 8 9 |  9.7
Stealth        | 3 5 |  5.6
Fighting       | |  1.1

Action                     |  1- 3 |  4- 6 |  7- 9 | 10-12 | 13-15 || total
---------------------------+-------+-------+-------+-------+-------++-------
  Melee: Unarmed           |   100 |    50 |   288 |   584 |   345 ||  1367
         Tailslap          |    15 |     8 |    37 |    95 |    79 ||   234
         Punch             |     1 |     2 |    15 |    12 |       ||    30
         Maw               |       |       |       |    96 |   102 ||   198
Ability: Breathe Dispellin |       |       |     1 |     5 |       ||     6
         Lunge             |       |       |     6 |    46 |    14 ||    66
         Whirlwind         |       |       |       |    14 |    14 ||    28
  Evoke: Wand              |       |       |     4 |    10 |     5 ||    19
         Tin of tremorston |       |       |       |     1 |     1 ||     2
         Phantom mirror    |       |       |       |     1 |       ||     1
         Phial of floods   |       |       |       |       |     1 ||     1
    Use: Scroll            |       |       |    17 |     4 |     6 ||    27
         Potion            |       |       |     3 |     5 |       ||     8
   Stab: Sleeping          |     2 |       |     1 |     8 |     2 ||    13
         Invisible         |       |       |       |    13 |       ||    13
         Distracted        |       |       |       |     1 |     1 ||     2
 Armour: Skin              |    25 |     4 |    75 |   140 |   109 ||   353
  Dodge: Dodged            |    55 |    18 |   115 |   243 |   156 ||   587
  Block: Other             |     7 |     8 |    46 |       |       ||    61
         Reflection        |       |       |     2 |     2 |       ||     4
         Buckler           |       |       |       |    78 |    68 ||   146
   Form: Maw               |       |       |       |     1 |       ||     1

Table legend: (Time is in decaauts)
 A = Elapsed time spent in this place.
 B = Non-inter-level travel time spent in this place.
 C = Inter-level travel time spent in this place.
 D = Time resting spent in this place.
 E = Time spent auto-exploring this place.
 F = Levels seen in this place.
 G = Mean time per level.
                   A        B        C        D        E       F      G
               +--------+--------+--------+--------+--------+-----+--------+
         Total |  14654 |  14228 |    426 |   1496 |   9076 |  17 |  862.0 |
       Dungeon |  10581 |  10256 |    325 |   1319 |   6539 |  11 |  961.9 |
        Temple |     10 |     10 |      0 |      0 |      0 |   1 |   10.0 |
          Lair |   4062 |   3962 |    100 |    177 |   2536 |   5 |  812.4 |
               +--------+--------+--------+--------+--------+-----+--------+

Top non-repeatable levels by time:
     D:5: 1671 daAuts
     D:6: 1409 daAuts
  Lair:1: 1174 daAuts
    D:11: 1118 daAuts
     D:4: 1055 daAuts
  Lair:4: 1053 daAuts
  Lair:3: 960 daAuts
     D:2: 867 daAuts
     D:1: 863 daAuts
    D:10: 834 daAuts
     D:3: 824 daAuts
  Lair:2: 803 daAuts
     D:7: 761 daAuts
     D:8: 627 daAuts
     D:9: 549 daAuts
